 Dungeon Crawl Stone Soup version 0.22.1-1-ga44c0e5 (webtiles) character file.

22414 aMcNicky the Whirler (level 13, -7/133 HPs)
             Began as a Halfling Hunter on Oct 21, 2018.
             Was a Follower of Uskayaw.
             Mangled by a seven-headed hydra (8 damage)
             ... on level 3 of the Lair of Beasts on Oct 22, 2018.
             The game lasted 01:22:07 (18753 turns).

aMcNicky the Whirler (Halfling Hunter)             Turns: 18753, Time: 01:22:07

Health: -7/133     AC: 26    Str: 14    XL:     13   Next: 27%
Magic:  10/20      EV:  3    Int:  9    God:    Uskayaw [*.....]
Gold:   702        SH:  5    Dex: 19    Spells: 12/12 levels left

rFire    . . .     SeeInvis .   b - +0 short sword
rCold    . . .     Gourm    .   E - +0 buckler
rNeg     + + +     Faith    .   (armour currently unavailable)
rPois    +         Spirit   .   (helmet currently unavailable)
rElec    .         Reflect  .   (cloak currently unavailable)
rCorr    +         Harm     .   (gloves currently unavailable)
MR       .....     NoTele   +   (boots currently unavailable)
Stlth    +++.......             p - amulet of the acrobat
HPRegen  0.32/turn              o - ring of stealth
MPRegen  0.17/turn              y - ring of resist corrosion

@: tree-form
A: small, mutation resistance 1
a: Stomp, Renounce Religion


You were on level 3 of the Lair of Beasts.
You worshipped Uskayaw.
Uskayaw was aware of your devotion.
You were not hungry.
You were a tree.
You visited 2 branches of the dungeon, and saw 14 of its levels.
You also visited: Ice Cave.

You collected 949 gold pieces.
You spent 247 gold pieces at shops.

Inventory:

Hand Weapons
 a - a +2 hunting sling
 b - a +0 short sword (weapon)
Missiles
 d - 64 sling bullets
 j - 185 stones (quivered)
Armour
 E - a +0 buckler (worn)
 P - a +1 cloak (melded)
 S - a +2 ring mail of poison resistance (melded)
Jewellery
 c - an uncursed ring of positive energy {unknown}
 l - a +4 amulet of reflection
 m - the ring of Ziekuc {-Tele rC+ Str+6 Stlth+}
   (You found it on level 11 of the Dungeon)

   [ring of protection from cold]

   It affects your strength (+6).
   It protects you from cold.
   It prevents most forms of teleportation.
   It makes you more stealthy.
 o - a ring of stealth (left branch)
 p - an amulet of the acrobat (around neck)
 y - a ring of resist corrosion (right branch)
 z - an uncursed ring of flight
 G - an uncursed ring of see invisible
Wands
 L - a wand of flame (64)
 M - a wand of polymorph (4)
 O - a wand of paralysis (22)
 T - a wand of clouds (11)
Scrolls
 h - 2 scrolls of identify {@r1}
 r - 4 scrolls of amnesia
 t - a scroll of fog
 v - a scroll of silence
 w - a scroll of enchant armour
 x - a scroll of immolation {unknown}
 B - a scroll of teleportation
 C - a scroll of brand weapon {unknown}
 D - a scroll of enchant weapon
 F - a scroll of magic mapping {unknown}
 I - a scroll of fear {unknown}
 K - 2 scrolls of remove curse {@r2}
Potions
 e - a potion of ambrosia {unknown}
 g - 5 potions of curing {@q1}
 i - a potion of berserk rage
 k - 2 potions of brilliance
 n - 5 potions of mutation
 q - 2 potions of lignification
 s - 2 potions of resistance
 u - 2 potions of agility
 J - a potion of haste
 N - a potion of magic {unknown}
 Q - a potion of might
 R - 2 potions of flight {unknown}
Comestibles
 f - 15 rations
 H - 20 chunks of flesh


   Skills:
 + Level 8.7 Fighting
 * Level 17.5 Slings
 + Level 7.9 Armour
 + Level 10.2 Dodging
 - Level 1.1 Stealth
 + Level 9.7 Invocations


You had 12 spell levels left.
You didn't know any spells.
Your spell library contained the following spells:

 Spells                   Type           Power        Failure   Level  Hunger
 Confusing Touch          Hex            #.....       56%         1    ##.....
 Magic Dart               Conj           #...         56%         1    ##.....
 Searing Ray              Conj           #.....       71%         2    ###....
 Confuse                  Hex            #.......     90%         3    ####...
 Dazzling Spray           Conj/Hex       #.....       90%         3    ####...
 Gell's Gravitas          Tloc           #.........   90%         3    ####...
 Force Lance              Conj/Tloc      #.......     100%        4    #####..
 Fulminant Prism          Conj/Hex       #.........   100%        4    #####..
 Iskenderun's Mystic Bla  Conj           #.......     100%        4    #####..
 Petrify                  Tmut/Erth      #.......     100%        4    #####..
 Metabolic Englaciation   Hex/Ice        #.........   100%        5    ######.
 Yara's Violent Unravell  Hex/Tmut       #.........   100%        5    ######.


Dungeon Overview and Level Annotations

Branches:
Dungeon (11/15)            Temple (0/1) D:4            Lair (3/6) D:11
 Spider (0/4) Lair:2
  Swamp: Lair:2-4    Shoals: Lair:2-4       Orc: D:9-12

Altars:
Cheibriados
Gozag
Makhleb
Nemelex Xobeh
Okawaru
Ru
Trog
Uskayaw
Xom
Yredelemnul

Shops:
D:9 !

Annotations:
D:5 exclusion: electric eel
D:11 exclusion: 6 doors


Innate Abilities, Weirdness & Mutations

You are small and have problems with some larger weapons.
You are somewhat resistant to further mutation.


Message History

You block the seven-headed hydra's attack.
The seven-headed hydra bites you but does no damage.
The seven-headed hydra barely misses you.
You hit the seven-headed hydra.
The seven-headed hydra is almost dead.
The seven-headed hydra bites you but does no damage.
The seven-headed hydra bites you.
* * * LOW HITPOINT WARNING * * *
The seven-headed hydra bites you but does no damage.
You block the seven-headed hydra's attack.
The seven-headed hydra bites you.
* * * LOW HITPOINT WARNING * * *
The seven-headed hydra bites you but does no damage.
The seven-headed hydra bites you.
* * * LOW HITPOINT WARNING * * *
You hit the seven-headed hydra.
The seven-headed hydra is almost dead.
The seven-headed hydra bites you but does no damage.
The seven-headed hydra bites you!
You die...

#......<..........### ...
............÷.......##.##
...........÷.....P.#.....
................≈≈≈..≈...
.................≈≈≈≈....
...............≈≈≈≈≈≈≈...
...........)......≈.≈≈≈P.
.....................≈≈..
........#.♣§.........
#######...§D§§.......
###.##§§.......
#####§§...... #§§......
###(....≈ .(..≈. .(♣≈.≈
.(♣≈..


You could see a seven-headed hydra.

Vanquished Creatures
  Harold (D:10)
  A catoblepas (Lair:2)
  A two-headed ogre (D:11)
  Nergalle (D:10)
  Pikel (D:3)
  A manticore (D:11)
  Maurice (D:9)
  A black mamba (Lair:2)
  6 gargoyles (D:11)
  Joseph (D:10)
  9 spiny frogs
  An efreet (D:11)
  3 komodo dragons (Lair:2)
  3 kobold demonologists (D:11)
  2 ice devils (Lair:2)
  2 trolls
  A jumping spider (Lair:2)
  3 hippogriffs
  A wraith (D:11)
  8 yaks
  2 basilisks
  2 hungry ghosts
  2 water moccasins (Lair:1)
  6 porcupines
  2 sky beasts (D:9)
  5 orc warriors
  3 slaves (D:3)
  An ice beast (D:5)
  2 black bears
  2 phantoms
  A necrophage (D:6)
  5 wolves
  8 ogres
  4 centaurs
  13 crocodiles
  9 bullfrogs
  2 big kobolds
  2 gnoll sergeants (D:10)
  A wyvern skeleton (D:8)
  5 scorpions
  3 killer bees (D:10)
  7 wights
  4 electric eels (D:10)
  6 howler monkeys
  5 crimson imps
  2 bullfrog zombies
  A lava snake (D:10)
  2 quasits
  2 bullfrog skeletons
  A centaur zombie (D:8)
  9 hounds
  3 jellies
  7 orc wizards
  8 orc priests
  3 iguanas
  9 worker ants
  A hound zombie (D:11)
  3 howler monkey zombies
  A worker ant zombie (D:5)
  13 adders
  15 gnolls
  A shadow imp (D:7)
  2 oozes (D:6)
  An adder zombie (D:8)
  An adder skeleton (D:8)
  6 worms
  2 dart slugs (D:2)
  4 leopard geckos
  37 orcs
  9 giant cockroaches
  2 gnoll zombies (D:4)
  12 goblins
  10 hobgoblins
  6 jackals
  6 quokkas
  5 bats
  5 frilled lizards
  20 kobolds
  14 rats
  A plant (Lair:2)
374 creatures vanquished.

Vanquished Creatures (others)
  A centaur (D:8)
  A bush (D:11)
  2 fungi
  4 plants (D:11)
8 creatures vanquished.

Grand Total: 382 creatures vanquished

Notes
Turn   | Place    | Note
-------+----------+-------------------------------------------
     0 | D:1      | aMcNicky the Halfling Hunter began the quest for the Orb.
     0 | D:1      | Reached XP level 1. HP: 14/14 MP: 1/1
    86 | D:1      | Reached skill level 6 in Slings
    89 | D:1      | Reached XP level 2. HP: 18/19 MP: 2/2
   348 | D:1      | Reached XP level 3. HP: 24/24 MP: 3/3
   535 | D:2      | Found a hide-covered altar of Uskayaw.
   567 | D:2      | Became a worshipper of Uskayaw the Reveler
   589 | D:2      | Reached * piety under Uskayaw
   698 | D:2      | Found a bloodstained altar of Trog.
   740 | D:2      | Found a burning altar of Makhleb.
   749 | D:2      | Reached ** piety under Uskayaw
   792 | D:2      | Reached XP level 4. HP: 28/30 MP: 4/4
   893 | D:2      | Found a bloodstained altar of Trog.
  1041 | D:2      | Reached skill level 1 in Invocations
  1045 | D:2      | Reached *** piety under Uskayaw
  1046 | D:2      | Reached XP level 5. HP: 33/35 MP: 5/5
  1054 | D:2      | Reached skill level 7 in Slings
  1148 | D:2      | Found an iron altar of Okawaru.
  1701 | D:3      | Reached XP level 6. HP: 42/42 MP: 7/7
  1706 | D:3      | Reached **** piety under Uskayaw
  2268 | D:3      | Reached skill level 8 in Slings
  2354 | D:4      | Noticed Pikel
  2354 | D:4      | Noticed a slave
  2354 | D:4      | Noticed a slave
  2354 | D:4      | Noticed a slave
  2354 | D:4      | Noticed a slave
  2487 | D:4      | Found a staircase to the Ecumenical Temple.
  2789 | D:4      | Found a sacrificial altar of Ru.
  2801 | D:4      | Reached XP level 7. HP: 46/46 MP: 4/8
  3364 | D:3      | Killed Pikel
  3364 | D:3      | Reached skill level 9 in Slings
  3364 | D:3      | Reached XP level 8. HP: 30/54 MP: 10/10
  4075 | D:4      | Found a basalt altar of Yredelemnul.
  4101 | D:5      | Entered Level 5 of the Dungeon
  4116 | D:5      | Reached skill level 5 in Dodging
  4144 | D:5      | Reached skill level 10 in Slings
  4505 | D:5      | Reached XP level 9. HP: 59/59 MP: 8/12
  4814 | D:5      | Reached skill level 11 in Slings
  5006 | D:5      | Reached skill level 5 in Invocations
  5073 | D:6      | Found an iron altar of Okawaru.
  5147 | D:6      | Reached skill level 5 in Fighting
  5199 | D:6      | Found a shimmering altar of Xom.
  6271 | D:6      | Reached skill level 12 in Slings
  6653 | D:7      | Found a snail-covered altar of Cheibriados.
  6766 | D:7      | Reached skill level 1 in Armour
  7153 | D:7      | Reached XP level 10. HP: 66/66 MP: 14/14
  7961 | D:8      | Reached ***** piety under Uskayaw
  8028 | D:8      | Reached skill level 13 in Slings
  8211 | D:8      | Found an opulent altar of Gozag.
  8211 | D:8      | Found a sparkling altar of Nemelex Xobeh.
  8863 | D:9      | Noticed Maurice
  8895 | D:9      | Killed Maurice
  9471 | D:9      | Found Wipsidy's Distillery.
  9476 | D:9      | Bought 3 potions of heal wounds for 195 gold pieces
  9476 | D:9      | Bought a potion of might for 52 gold pieces
 10177 | D:10     | Entered Level 10 of the Dungeon
 10230 | D:10     | Noticed Nergalle
 10397 | D:10     | Reached skill level 14 in Slings
 10397 | D:10     | Reached XP level 11. HP: 47/73 MP: 6/16
 11037 | D:10     | Killed Nergalle
 11185 | D:10     | Noticed Harold
 11204 | D:10     | Killed Harold
 11204 | D:10     | Reached skill level 5 in Armour
 11231 | D:10     | Noticed Joseph
 11255 | D:10     | Killed Joseph
 11614 | D:10     | Reached skill level 15 in Slings
 12455 | D:11     | Noticed a two-headed ogre
 12991 | D:11     | Found a staircase to the Lair.
 13244 | D:11     | Noticed a manticore
 13703 | D:11     | Killed a manticore
 13703 | D:11     | Reached XP level 12. HP: 63/81 MP: 11/18
 14045 | D:11     | Killed a two-headed ogre
 14045 | D:11     | Reached skill level 16 in Slings
 14070 | D:11     | Got a sparkling granite ring
 14072 | D:11     | Identified the ring of Ziekuc {-Tele rC+ Str+6 Stlth+} (You
                  | found it on level 11 of the Dungeon)
 14992 | Lair:1   | Entered Level 1 of the Lair of Beasts
 17061 | Lair:2   | Reached skill level 17 in Slings
 17188 | Lair:2   | Reached XP level 13. HP: 51/89 MP: 10/20
 17236 | Lair:2   | Noticed a catoblepas
 17398 | Lair:2   | Found a hole to the Spider Nest.
 17513 | Lair:2   | Reached skill level 10 in Dodging
 17769 | Lair:2   | Found a frozen archway.
 17772 | IceCv    | Entered an ice cave
 17777 | IceCv    | Found a transporter.
 17790 | IceCv    | Found a transporter.
 18025 | Lair:2   | Killed a catoblepas
 18728 | Lair:3   | Noticed a seven-headed hydra
 18752 | Lair:3   | HP: 5/133 [seven-headed hydra (3)]
 18752 | Lair:3   | HP: 2/133 [seven-headed hydra (3)]
 18753 | Lair:3   | Mangled by a seven-headed hydra

Skill      XL: |  1  2  3  4  5  6  7  8  9 10 11 12 13 |
---------------+----------------------------------------+-----
Fighting       | 2 3 4 5 6 7 8 |  8.7
Slings         | 6 7 8 9 10 12 14 15 17 | 17.5
Dodging        | 3 4 5 6 7 8 9 10 | 10.2
Invocations    | 1 2 3 4 5 7 8 9 |  9.7
Armour         | 1 4 5 7 |  7.9
Stealth        | |  1.1

Action                   |  1- 3 |  4- 6 |  7- 9 | 10-12 | 13-15 || total
-------------------------+-------+-------+-------+-------+-------++-------
Melee: Short sword       |       |       |     4 |    19 |    64 ||    87
       Hunting sling     |       |       |       |       |     1 ||     1
 Fire: Hunting sling     |   100 |   214 |   550 |  1198 |   167 ||  2229
Invok: Stomp             |       |     8 |    19 |    87 |    20 ||   134
       Line Pass         |       |       |     1 |     3 |     1 ||     5
Evoke: Wand              |       |       |     2 |    17 |     3 ||    22
  Use: Scroll            |       |     2 |     4 |    15 |     2 ||    23
       Potion            |       |       |     2 |     4 |     4 ||    10
  Eat: Chunk             |       |     6 |    13 |    19 |       ||    38
       Ration            |       |       |     1 |     8 |     2 ||    11
Armor: Leather armour    |     3 |     7 |     8 |       |       ||    18
       Ring mail         |       |       |     2 |    37 |    26 ||    65
       Skin              |       |       |       |       |    27 ||    27
Dodge: Dodged            |     5 |    44 |    93 |   227 |    61 ||   430
Block: Other             |       |    10 |    17 |       |       ||    27
       Buckler           |       |       |     6 |   161 |    23 ||   190
       Reflection        |       |       |     3 |    16 |       ||    19
